 Dungeon Crawl Stone Soup version 0.31-a0-743-g45f7035092 (webtiles) character file.

Game seed: 14067137920388528063

360925 Zonian the Tortoise (level 21, 0/307 (322) HPs)
             Began as an Armataur Fighter on Sept 10, 2023.
             Was a High Priest of Ashenzari.
             Slain by a cane toad (glowing shapeshifter) (10 damage)
             ... on level 5 of the Vaults on Sept 12, 2023.
             The game lasted 03:28:02 (75060 turns).

Zonian the Tortoise (Armataur Fighter)             Turns: 75060, Time: 03:28:03

HP:   0/307 (322)   AC: 47    Str: 37    XL:     21   Next: 49%
MP:   37/37         EV:  8    Int: 11    God:    Ashenzari [*****.]
Gold: 1747          SH: 22    Dex: 15    Spells: 34/44 levels left

rFire   + . .        C - +7 morningstar of Incongruity {protect, rPois Int+3}
rCold   + + +        J - +3 kite shield "Shackled Fortune-Teller" {rC+, Dev, Melee} (curse)
rNeg    + . .        c - +1 plate armour of the Prescient Sky {rC+ Str+5, Melee, Bglg} (curse)
rPois   +            A - +0 helmet "Vision of Ashenzari" {Alch, Self} (curse)
rElec   +            f - scarf of Ashenzari's Chagrin {rC+ rF+, Range, Fort} (curse)
rCorr   .            m - +0 pair of gloves "I Foresaw This" {Comp, Range} (curse)
SInv    +            h - +10 Black Knight's barding {ponderous, rPois rN+, Self, Melee} (curse)
Will    ++...        E - amulet "Chained With Me" {Reflect SH+5, Melee, Fort} (curse) Stlth
                     v - ring "Omniscient Yoke" {Will+, Range, Self} (curse)
HPRegen 0.71/turn    L - ring of Supernal Understanding {rElec Str+6, Fort, Melee} (curse)
MPRegen 0.25/turn

%: reflection, clarity, roll
@: berserking, under a protective aura, lightly drained, very quick
A: large, rugged brown scales 3, deformed body, armoured tail, roll, long
tongue, awkward tongue, clumsy 1
}: 2/15 runes: serpentine, barnacled
a: Renounce Religion, Curse Item, Shatter the Chains


You were on level 5 of the Vaults.
You worshipped Ashenzari.
Ashenzari was extremely pleased with you.
You visited 8 branches of the dungeon, and saw 39 of its levels.
You visited 1 bazaar.

You collected 4986 gold pieces.
You spent 3239 gold pieces at shops.

Inventory:

Hand Weapons
 d - the +11 sling of Coumm {flame, rC+ Dex+3}
   (You bought it in a shop on level 2 of the Orcish Mines)

   Dex+3:     It affects your dexterity (+3).
   rC+:       It protects you from cold.
 t - the +6 shillelagh "Devastator" {shatter}
   (You found it on level 6 of the Dungeon)
 C - the +7 morningstar of Incongruity (weapon) {protect, rPois Int+3}
   (You took it off a deep elf demonologist on level 3 of the Elven Halls)

   Int+3:     It affects your intelligence (+3).
   rPois:     It protects you from poison
 X - the +11 rapier of Tomorrow {drain, rElec rF++ Will+ Stlth+}
   (You found it on level 13 of the Dungeon)

   rF++:      It greatly protects you from fire.
   rElec:     It insulates you from electricity.
   Will+:     It increases your willpower.
   Stlth+:    It makes you more stealthy.
Missiles
 p - 10 curare-tipped darts
 x - 6 silver javelins
 y - 5 throwing nets
 N - 11 javelins
Armour
 c - the cursed +1 plate armour of the Prescient Sky (worn) {rC+ Str+5, Melee, Bglg}
   (You found it on level 3 of the Elven Halls)

   Str+5:     It affects your strength (+5).
   rC+:       It protects you from cold.
   It has a curse which improves the following skills: Melee Combat: Short
   Blades, Long Blades, Axes, Maces & Flails, Polearms, Staves and Unarmed
   Combat.
   Beguiling: Conjurations, Hexes and Translocations.
 f - the cursed scarf of Ashenzari's Chagrin (worn) {rC+ rF+, Range, Fort}
   (You found it on level 9 of the Dungeon)

   It has a curse which improves the following skills: Ranged Combat: Ranged
   Weapons and Throwing.
   Fortitude: Armour and Shields.
 h - the cursed +10 Black Knight's barding (worn) {ponderous, rPois rN+, Self, Melee}
   (You acquired it on level 4 of the Dungeon)

   rPois:     It protects you from poison rN+: It protects you from negative
   energy.
   It has a curse which improves the following skills: Introspection: Fighting
   and Spellcasting.
   Melee Combat: Short Blades, Long Blades, Axes, Maces & Flails, Polearms,
   Staves and Unarmed Combat.
 m - the cursed +0 pair of gloves "I Foresaw This" (worn) {Comp, Range}
   (You found it on level 5 of the Dungeon)

   It has a curse which improves the following skills: Companions: Summonings
   and Necromancy.
   Ranged Combat: Ranged Weapons and Throwing.
 A - the cursed +0 helmet "Vision of Ashenzari" (worn) {Alch, Self}
   (You found it on level 7 of the Dungeon)

   It has a curse which improves the following skills: Alchemy: Poison Magic and
   Transmutations.
   Introspection: Fighting and Spellcasting.
 J - the cursed +3 kite shield "Shackled Fortune-Teller" (worn) {rC+, Dev, Melee}
   (You took it off a naga warrior on level 3 of the Snake Pit)

   It has a curse which improves the following skills: Devices: Evocations and
   Shapeshifting.
   Melee Combat: Short Blades, Long Blades, Axes, Maces & Flails, Polearms,
   Staves and Unarmed Combat.
 S - the +1 pair of gloves of Cebrumn {-Cast rElec rCorr}
   (You found it on level 2 of the Vaults)

   rElec:     It insulates you from electricity.
   -Cast:     It prevents spellcasting.
   rCorr:     It protects you from acid and corrosion.
Jewellery
 a - a ring of positive energy
 b - the ring "Leckuodd" {rPois rC- Will+ rCorr Int+6}
   (You took it off a deep elf blademaster on level 3 of the Elven Halls)

   [ring of intelligence]

   Int+6:     It affects your intelligence (+6).
   rC-:       It makes you vulnerable to cold.
   rPois:     It protects you from poison Will+: It increases your willpower.
   rCorr:     It protects you from acid and corrosion.
 v - the cursed ring "Omniscient Yoke" (left hand) {Will+, Range, Self}
   (You found it on level 6 of the Dungeon)

   [ring of willpower]

   Will+:     It increases your willpower.
   It has a curse which improves the following skills: Ranged Combat: Ranged
   Weapons and Throwing.
   Introspection: Fighting and Spellcasting.
 E - the cursed amulet "Chained With Me" (around neck) {Reflect SH+5, Melee, Fort}
   (You found it on level 4 of the Shoals)

   [amulet of reflection]

   Reflect:   It reflects blocked missile attacks.
   SH+5:      It affects your SH (+5).
   It has a curse which improves the following skills: Melee Combat: Short
   Blades, Long Blades, Axes, Maces & Flails, Polearms, Staves and Unarmed
   Combat.
   Fortitude: Armour and Shields.
 L - the cursed ring of Supernal Understanding (right hand) {rElec Str+6, Fort, Melee}
   (You bought it in a shop on level 3 of the Vaults)

   [ring of strength]

   Str+6:     It affects your strength (+6).
   rElec:     It insulates you from electricity.
   It has a curse which improves the following skills: Fortitude: Armour and
   Shields.
   Melee Combat: Short Blades, Long Blades, Axes, Maces & Flails, Polearms,
   Staves and Unarmed Combat.
Wands
 g - a wand of mindburst (16)
 r - a wand of polymorph (13)
 w - a wand of digging (2)
 M - a wand of flame (76)
 R - a wand of charming (34)
 U - a wand of iceblast (6)
Scrolls
 n - 3 scrolls of enchant weapon
 q - 5 scrolls of poison
 u - 2 scrolls of blinking
 z - 4 scrolls of fog
 B - 6 scrolls of immolation
 H - 2 scrolls of summoning
 O - a scroll of silence
 P - 5 scrolls of teleportation
 Q - 3 scrolls of fear
 V - 2 scrolls of enchant armour
Potions
 e - 14 potions of curing
 j - 3 potions of berserk rage
 k - 5 potions of heal wounds
 l - a potion of cancellation
 o - 2 potions of ambrosia
 D - a potion of enlightenment
 G - 2 potions of lignification
 I - a potion of mutation
 K - 3 potions of brilliance
 W - a potion of haste
 Y - 8 potions of invisibility
Miscellaneous
 i - a condenser vane (inert)
 s - a phial of floods
 F - a phantom mirror


   Skills:
 - Level 16.0(20.1) Fighting
 + Level 4.2(11.4) Short Blades
 - Level 10.4(16.5) Long Blades
 - Level 11.3(17.1) Maces & Flails
 - Level 9.6(13.8) Ranged Weapons
 - Level 5.2(9.2) Throwing
 - Level 17.9(21.8) Armour
 + Level 6.7 Dodging
 + Level 15.5 Stealth
 - Level 11.8(16.0) Shields
 - Level 7.8(12.0) Spellcasting
 - Level 5.8(8.0) Conjurations
 - Level 10.0(12.1) Translocations
 + Level 11.8(13.9) Evocations


You had 34 spell levels left.
You knew the following spells:

 Your Spells              Type           Power      Damage    Failure   Level
a - Blink                 Tloc           66%        N/A       1%          2
b - Momentum Strike       Conj/Tloc      56%        3d9       1%          2
c - Lesser Beckoning      Tloc           66%        N/A       1%          2
d - Passage of Golubria   Tloc           33%        N/A       2%          4

Your spell library contained the following spells:

 Spells                   Type           Power      Damage    Failure   Level
 Apportation              Tloc           66%        N/A       1%          1
 Gell's Gravitas          Tloc           33%        N/A       1%          3
 Teleport Other           Tloc           33%        N/A       1%          3
 Iskenderun's Mystic Bla  Conj/Tloc      28%        2d7       6%          4
 Shock                    Conj/Air       60%        1d6       8%          1
 Volatile Blastmotes      Fire/Tloc      38%        2d13      10%         3
 Static Discharge         Conj/Air       30%        2-4/arc   11%         2
 Sting                    Tmut/Pois      28%        1d4       34%         1
 Iskenderun's Battlesphe  Conj           24%        2d8       36%         5
 Dispersal                Tloc           16%        N/A       38%         6
 Jinxbite                 Hex            14%        N/A       45%         2
 Ensorcelled Hibernation  Hex/Ice        12%        N/A       50%         2
 Poisonous Vapours        Pois/Air       12%        N/A       50%         2
 Fulminant Prism          Conj/Hex       7%         3d6       56%         4
 Summon Forest            Summ/Tloc      10%        N/A       63%         5
 Inner Flame              Hex/Fire       6%         N/A       73%         3
 Frozen Ramparts          Ice            12%        1d2       75%         3
 Ozocubu's Armour         Ice            6%         N/A       75%         3
 Fireball                 Conj/Fire      7%         3d5       90%         5
 Animate Armour           Summ/Erth      12%        N/A       98%         4
 Animate Dead             Necr           7%         N/A       98%         4
 Dispel Undead            Necr           7%         3d8       98%         4
 Leda's Liquefaction      Hex/Erth       3%         N/A       98%         4
 Olgreb's Toxic Radiance  Pois           7%         N/A       98%         4
 Petrify                  Tmut/Erth      6%         N/A       98%         4
 Summon Lightning Spire   Summ/Air       6%         N/A       98%         4
 Agony                    Necr           7%         N/A       100%        5
 Alistair's Intoxication  Tmut/Pois      4%         N/A       100%        5
 Borgnjor's Vile Clutch   Necr/Erth      3%         N/A       100%        5
 Lee's Rapid Deconstruct  Erth           3%         3d5*      100%        5
 Metabolic Englaciation   Hex/Ice        3%         N/A       100%        5
 Silence                  Hex/Air        3%         N/A       100%        5
 Summon Mana Viper        Hex/Summ       7%         N/A       100%        5
 Yara's Violent Unravell  Hex/Tmut       3%         3d4       100%        5
 Conjure Ball Lightning   Conj/Air       7%         3x3d6     100%        6
 Death Channel            Necr           3%         N/A       100%        6
 Eringya's Noxious Bog    Tmut/Pois      3%         4d6       100%        6
 Leda's Unmaking          Conj/Erth      7%         9d2       100%        6
 Simulacrum               Ice/Necr       3%         N/A       100%        6
 Summon Cactus Giant      Summ           3%         N/A       100%        6
 Enfeeble                 Hex            3%         N/A       100%        7
 Haunt                    Necr/Summ      3%         N/A       100%        7
 Orb of Destruction       Conj           12%        9d7       100%        7
 Ignition                 Fire           3%         3d4       100%        8
 Infestation              Necr           3%         N/A       100%        8
 Lehudib's Crystal Spear  Conj/Erth      7%         10d3      100%        8
 Maxwell's Capacitive Co  Air            3%         ∞         100%        8


Dungeon Overview and Level Annotations

Branches:
Dungeon (15/15)            Temple (1/1) D:4            Lair (5/5) D:9
 Shoals (4/4) Lair:3        Snake (4/4) Lair:3        Slime (0/5) Lair:5
    Orc (2/2) D:11            Elf (3/3) Orc:2        Vaults (5/5) D:14
  Crypt (0/3) Vaults:3     Depths (0/4) D:15

Altars:
Ashenzari
Cheibriados
Dithmenos
Elyvilon
Fedhas
Gozag
Hepliaklqana
Kikubaaqudgha
Makhleb
Nemelex Xobeh
Okawaru
Qazlal
Ru
Sif Muna
Trog
Uskayaw
Vehumet
Wu Jian
Xom
Yredelemnul
Zin
The Shining One
Jiyva

Shops:
D:2 [   D:7 [?*![   D:13 [   Orc:1 *   Orc:2 (:([!   Elf:1 ?   Elf:3 ?
Shoals:1 (   Snake:2 :   Snake:3 *   Snake:4 *[::=   Vaults:2 =[   Vaults:3 =
Vaults:4 *

Annotations:
Lair:2 exclusion: hydra
Snake:2 1 runed translucent door, exclusion: 2 ice statues, Kacetewk's ghost, adept MiBe
Elf:2 3 runed translucent doors


Innate Abilities, Weirdness & Mutations

You are completely covered in rugged brown scales. (AC +3, +7% HP)
Armour fits poorly on your strangely shaped body.
You have a long armoured tail.
You roll when moving toward enemies. (Rampage)
Your long tongue fully drains potion bottles. (2x potion effects)
Your tongue gives you trouble enunciating. (1.5x scroll delay)
You are clumsy. (Dex -2)


Message History

You block the deep troll earth mage's attack.
The deep troll earth mage completely misses you.
The deep troll earth mage claws you but does no damage.
The iron troll bites you but does no damage.
The iron troll claws you but does no damage. x2
You impale the iron troll!!
The iron troll is heavily wounded.
You hit the iron troll.
The iron troll is heavily wounded.
The sphinx barely misses you. The sphinx hits you but does no damage.
The sphinx barely misses you. The deep troll earth mage bites you!
* * * LOW HITPOINT WARNING * * *
The deep troll earth mage claws you but does no damage.
You block the deep troll earth mage's attack. x2
The deep troll earth mage claws you but does no damage. x2
The deep troll earth mage bites you!
* * * LOW HITPOINT WARNING * * *
You block the deep troll earth mage's attack. x2
You thump the iron troll!
The iron troll is severely wounded.
The iron troll bites you but does no damage.
The iron troll claws you but does no damage. x2
You bludgeon the iron troll!!
You kill the iron troll!
You block the sphinx's attack. The sphinx completely misses you.
You block the sphinx's attack.
The deep troll earth mage bites you but does no damage.
The deep troll earth mage claws you but does no damage.
You block the deep troll earth mage's attack. x3
The deep troll earth mage closely misses you.
You block the deep troll earth mage's attack. x2
The deep troll earth mage claws you but does no damage.
You thump the deep troll earth mage!
The deep troll earth mage is moderately wounded.
Unknown command.
You hit the deep troll earth mage but do no damage.
The deep troll earth mage is moderately wounded.
You block the sphinx's attack. The sphinx hits you but does no damage.
You block the sphinx's attack. The cane toad stings you!
You die...

,,*,,,,,,{,,,#{.#..#,,*
,,*,,,,,∆∆*,,#..#..#,,*
,,,,,,,,∆,*,,#..#..#,,*
*,,,*******,{#..#.§#,,*
**,,,,,,,,,,,..{#§.#,,*
,**,,,,,,,,{...##.○#{,*
,,*********,..##)§○#,,*
,,,,,,,,,,,..##TT[.#,,*
,,,,,,,,,,,,*#.T@F.#,,*
************#..H...#{,*
,,,,,,,,,..........#,,*
,,,,,,,,,............,*
*********#########....*
,,,,,,,,,,,,,,,,,,....#
,,,,,,,,,,,,,,,,,,....#
******************#####


You could see a sphinx, 3 deep troll earth magi and a cane toad shaped shifter.

Vanquished Creatures
  The ghost of Cuucabuana the Slayer, a veteran MiGl of Okawaru (Elf:2)
  A golden dragon (Vaults:5)
  Norris (Elf:3)
  A lich (Vaults:4)
  A tentacled monstrosity (Vaults:5)
  A titan (Vaults:5)
  2 deep elf master archers (Elf:3)
  A kraken (Shoals:4)
  A quicksilver dragon (Snake:4)
  2 deep elf blademasters (Elf:3)
  A sphinx (Vaults:3)
  Gastronok (D:11)
  3 tengu reavers (Vaults:5)
  2 shadow dragons
  3 nagarajas
  Donald (Elf:3)
  2 fire giants
  3 frost giants (Vaults:5)
  7 deep elf sorcerers
  An iron dragon (Vaults:5)
  4 deep elf elementalists (Elf:3)
  An orc warlord (Vaults:4)
  15 vault wardens
  2 war gargoyles
  8 ironbound thunderhulks
  14 ironbound preservers
  3 stone giants
  A very ugly thing (Vaults:5)
  3 formless jellyfish
  6 deep elf annihilators (Elf:3)
  7 deep elf demonologists
  15 dire elephants
  3 ettins
  6 deep elf death magi
  2 merfolk javelineers
  Josephine (Lair:3)
  10 merfolk impalers
  7 great orbs of eyes
  4 deep elf high priests
  4 entropy weavers
  9 yaktaur captains
  A peacekeeper (Vaults:4)
  3 hydras
  7 salamander tyrants
  An ice dragon (D:12)
  Harold (Orc:1)
  A sphinx zombie (Vaults:2)
  32 vault guards
  5 ogre magi
  4 alligator snapping turtles
  5 merfolk avatars
  15 centaur warriors
  5 boulder beetles
  4 alligators (Shoals:3)
  20 dancing weapons
  4 merfolk aquamancers
  11 naga warriors
  2 death knights (Vaults:3)
  8 anacondas
  8 ironbound frosthearts
  17 two-headed ogres
  2 tengu warriors (D:15)
  A satyr (Shoals:3)
  8 shock serpents
  7 naga sharpshooters
  Urug (Lair:3)
  A storm dragon zombie (Vaults:2)
  2 orc high priests (Elf:1)
  10 deep elf knights
  A skyshark (shapeshifter) (Elf:3)
  9 skysharks
  3 iron trolls (Vaults:5)
  A salamander mystic (Snake:3)
  20 deep trolls
  15 sea snakes
  A lindwurm (Vaults:4)
  21 deep elf archers
  A phantasmal warrior (Vaults:2)
  4 wizards
  15 ironbound convokers
  5 naga ritualists
  A harpy (shapeshifter) (D:15)
  36 harpies
  29 deep elf zephyrmancers
  5 mana vipers
  5 orc knights
  3 orc sorcerers
  A mana viper (shapeshifter) (D:13)
  A tengu skeleton (Vaults:2)
  3 necromancers
  26 deep elf pyromancers
  A wolf spider (shapeshifter) (Vaults:5)
  A wolf spider (Lair:5)
  18 ugly things
  7 fauns
  9 salamanders
  14 manticores
  12 cyclopes
  4 elephants (Lair:1)
  10 merfolk sirens
  2 torpor snails (Lair:5)
  12 vault sentinels
  A guardian serpent (shapeshifter) (Vaults:1)
  8 guardian serpents
  12 naga magi
  40 black mambas
  7 water nymphs
  16 cane toads
  2 gargoyles (D:12)
  4 rime drakes
  An unseen horror (D:10)
  25 yaktaurs
  A kobold demonologist (D:10)
  A komodo dragon (shapeshifter) (Elf:1)
  An efreet (D:14)
  A yaktaur (shapeshifter) (D:14)
  7 komodo dragons
  A freezing wraith (Vaults:5)
  4 wind drakes
  6 trolls
  A polar bear (Lair:5)
  24 merfolk
  4 hornets
  13 dream sheep
  A snapping turtle (shapeshifter) (Vaults:4)
  3 blink frogs (Lair:1)
  17 snapping turtles
  23 slime creatures
  2 centaur simulacra
  3 air elementals
  A spriggan (shapeshifter) (D:14)
  2 shadows (D:12)
  7 wraiths
  23 yaks
  19 water elementals
  A human (shapeshifter) (D:14)
  3 fire elementals (Elf:1)
  A vampire (D:14)
  14 wyverns
  3 basilisks
  10 redbacks
  3 steam dragons
  3 vampire mosquitoes (D:13)
  2 acid dragons
  7 wargs
  28 nagas
  3 swamp worms (Lair:2)
  18 water moccasins
  An ogre zombie (Vaults:3)
  21 orc warriors
  5 ice beasts (D:9)
  A sky beast (D:7)
  3 black bears
  29 ogres
  9 wolves
  9 boggarts
  17 centaurs
  6 kobold brigands
  6 gnoll sergeants
  A human zombie (Vaults:3)
  8 bullfrogs
  4 scorpions
  3 earth elementals
  A human skeleton (Vaults:2)
  A wyvern zombie (D:8)
  18 killer bees
  5 howler monkeys
  A vampire bat (D:4)
  2 electric eels (Lair:3)
  3 lava snakes (Snake:1)
  3 jellies
  5 hounds
  2 human simulacra (Vaults:3)
  8 orc priests
  4 sleepcaps
  5 iguanas
  21 orc wizards
  A howler monkey zombie (D:8)
  26 gnolls
  5 adders
  A white imp (D:7)
  4 ufetubi
  A worm (D:3)
  5 dart slugs
  3 fire bats (D:4)
  60 orcs
  2 spectral bats (D:4)
  13 bats
  3 bat skeletons (D:4)
  A bat zombie (D:4)
  3 endoplasms
  4 giant cockroaches
  3 hobgoblins
  4 jackals
  4 quokkas
  3 training dummies (Shoals:1)
  10 ball pythons
  A bat simulacrum (D:4)
  4 frilled lizards
  9 goblins
  14 kobolds
  3 rats
  2 tentacles (Shoals:4)
1411 creatures vanquished.

Vanquished Creatures (collateral kills)
  A stone giant (D:15)
  Nessos (D:13)
  2 elephants (Lair:1)
  A gnoll (D:8)
5 creatures vanquished.

Vanquished Creatures (others)
  A deep elf pyromancer (Elf:1)
  A water elemental (Elf:1)
  An orc warrior (Vaults:5)
  An orc (Vaults:5)
  15 tentacles
19 creatures vanquished.

Grand Total: 1435 creatures vanquished

Notes
Turn   | Place    | Note
-------+----------+-------------------------------------------
     0 | D:1      | Zonian the Armataur Fighter began the quest for the Orb.
     0 | D:1      | Reached XP level 1. HP: 19/19 MP: 1/1
   146 | D:1      | Reached XP level 2. HP: 24/26 MP: 2/2
   314 | D:1      | Found a faded altar of an unknown god.
   938 | D:2      | Reached skill level 4 in Armour
  1041 | D:2      | Reached XP level 3. HP: 33/33 MP: 3/3
  1200 | D:2      | Found Fiwaanosa's Antique Armour Shop.
  1482 | D:2      | Reached XP level 4. HP: 17/40 MP: 4/4
  2189 | D:3      | Reached XP level 5. HP: 48/48 MP: 5/5
  2233 | D:3      | Identified the +1 robe "Uchien" {Contam Harm Int+5}
  2826 | D:4      | Identified a scroll of acquirement
  2826 | D:4      | Acquired the +10 Black Knight's barding {ponderous, rPois
                  | rN+}
  2826 | D:4      | Found the +10 Black Knight's barding {ponderous, rPois rN+}
  3019 | D:4      | Reached skill level 5 in Armour
  3050 | D:4      | Reached XP level 6. HP: 54/55 MP: 6/6
  3406 | D:4      | Found a staircase to the Ecumenical Temple.
  3415 | D:4      | Noticed a hornet
  3424 | D:4      | Killed a hornet
  3425 | D:4      | Reached skill level 6 in Armour
  3425 | D:4      | Reached XP level 7. HP: 23/64 MP: 7/7
  3782 | Temple   | Entered the Ecumenical Temple
  3854 | Temple   | Became a worshipper of Ashenzari the Shackled
  3909 | D:4      | Found a sparkling altar of Nemelex Xobeh.
  4621 | D:5      | Entered Level 5 of the Dungeon
  4682 | D:5      | Reached skill level 5 in Fighting
  4986 | D:5      | Found a shimmering altar of Xom.
  4998 | D:5      | Found a white marble altar of Elyvilon.
  5129 | D:5      | Reached skill level 7 in Armour
  5511 | D:5      | Reached XP level 8. HP: 71/73 MP: 8/8
  5632 | D:5      | Reached skill level 5 in Long Blades
  6896 | D:6      | Reached skill level 8 in Armour
  7451 | D:6      | Found the +6 shillelagh "Devastator" {shatter}
  7721 | D:6      | Reached * piety under Ashenzari
  7797 | D:7      | Found Sottudaso's Armour Shoppe.
  7798 | D:7      | Found Gog Qudgh's Distillery.
  7799 | D:7      | Found Cueque's Magic Scroll Shop.
  7816 | D:7      | Reached XP level 9. HP: 78/84 MP: 9/9
  7828 | D:7      | Found Ygikaufila's Armour Shop.
  7828 | D:7      | Found Deux's General Store.
  7833 | D:7      | Bought a scroll of teleportation for 30 gold pieces
  7848 | D:7      | Bought a potion of heal wounds for 50 gold pieces
  7963 | D:7      | Reached skill level 9 in Armour
  8728 | D:7      | Reached ** piety under Ashenzari
  9546 | D:8      | Found an ancient bone altar of Kikubaaqudgha.
  9893 | D:8      | Reached skill level 10 in Armour
 10411 | D:8      | Found a basalt altar of Yredelemnul.
 10455 | D:8      | Found a hazy altar of Hepliaklqana.
 10562 | D:9      | Noticed a rime drake
 11034 | D:9      | Noticed a two-headed ogre
 11043 | D:9      | Killed a two-headed ogre
 11044 | D:9      | Reached XP level 10. HP: 97/97 MP: 10/10
 11061 | D:9      | Noticed a two-headed ogre
 11070 | D:9      | Killed a two-headed ogre
 11071 | D:9      | Reached skill level 11 in Armour
 11947 | D:9      | Identified the cursed +0 cloak of the All-seeing Planets
                  | {Bglg, Range} (You found it on level 1 of the Dungeon)
 11947 | D:9      | Identified the cursed +0 pair of gloves "I Foresaw This"
                  | {Comp, Range} (You found it on level 5 of the Dungeon)
 12107 | D:9      | Reached skill level 1 in Stealth
 12244 | D:9      | Found a staircase to the Lair.
 12604 | D:9      | Found an ornate altar of the Wu Jian Council.
 12754 | Lair:1   | Entered Level 1 of the Lair of Beasts
 12798 | Lair:1   | Noticed a cane toad
 12813 | Lair:1   | Killed a cane toad
 12863 | Lair:1   | Noticed an elephant
 12947 | Lair:1   | Reached XP level 11. HP: 33/109 MP: 11/11
 13496 | D:10     | Entered Level 10 of the Dungeon
 13713 | D:10     | You fall into a shaft and drop 3 floors!
 13717 | D:13     | Found Eshukk's Armour Shoppe.
 13914 | D:12     | Noticed a boulder beetle
 13933 | D:12     | a boulder beetle changed into an ice dragon
 13933 | D:12     | Noticed an ice dragon
 13963 | D:12     | Killed an ice dragon
 13964 | D:12     | Reached skill level 12 in Armour
 14317 | D:12     | Reached *** piety under Ashenzari
 14408 | D:11     | Noticed a boulder beetle
 14408 | D:11     | Noticed a boulder beetle
 14440 | D:10     | Killed a boulder beetle
 14644 | D:10     | Reached skill level 5 in Stealth
 15529 | D:7      | Bought a scroll of enchant weapon for 75 gold pieces
 15535 | D:7      | Bought a potion of might for 40 gold pieces
 15669 | Lair:1   | Reached **** piety under Ashenzari
 16042 | Lair:1   | Reached skill level 10 in Fighting
 16042 | Lair:1   | Reached skill level 1 in Maces & Flails
 16124 | Lair:1   | Noticed a catoblepas
 16196 | Lair:1   | Reached skill level 13 in Armour
 16793 | Lair:1   | Identified the +3 hand axe of the Chewing Boar {drain,
                  | Dex+4 SInv}
 16897 | Lair:2   | Noticed a skyshark
 17254 | Lair:2   | Reached skill level 10 in Long Blades
 17289 | Lair:2   | Killed a skyshark
 17290 | Lair:2   | Reached XP level 12. HP: 52/124 MP: 12/12
 18295 | Lair:2   | Noticed a five-headed hydra
 18308 | Lair:2   | Identified the Spellbook of Interference and the Zephyr
 19299 | Lair:3   | Found a staircase to the Shoals.
 19357 | Lair:3   | Noticed Josephine
 19366 | Lair:3   | Killed Josephine
 19864 | Lair:3   | Found a staircase to the Snake Pit.
 19881 | Lair:3   | Noticed Urug
 19891 | Lair:3   | Killed Urug
 20417 | Lair:3   | Identified the Excursus on Unspeakable Liturgies
 21099 | Lair:4   | Reached skill level 14 in Armour
 21553 | Lair:4   | Reached skill level 5 in Maces & Flails
 22388 | Lair:5   | Entered Level 5 of the Lair of Beasts
 22562 | Lair:5   | Identified the +2 leather armour "Axiaz" {rC+ Int+2}
 22576 | Lair:5   | Reached XP level 13. HP: 117/133 MP: 13/13
 23849 | Lair:5   | Found a staircase to the Slime Pits.
 23849 | Lair:5   | Found a viscous altar of Jiyva.
 25080 | D:7      | Bought the +1 sling "Ytoxkuq" {speed, rElec Dex+2 SInv} for
                  | 414 gold pieces
 25458 | D:11     | Reached skill level 1 in Ranged Weapons
 25783 | D:11     | Noticed Gastronok
 26096 | D:11     | Found a staircase to the Orcish Mines.
 26357 | D:11     | Killed Gastronok
 27113 | D:12     | Found a white marble altar of Elyvilon.
 27723 | D:13     | Reached XP level 14. HP: 129/147 MP: 14/14
 27953 | D:13     | Identified the +11 rapier of Tomorrow {drain, rElec rF++
                  | Will+ Stlth+}
 28449 | D:13     | Noticed Nessos
 28453 | D:13     | Killed Nessos
 29674 | D:14     | Found a gate to the Vaults.
 30096 | D:15     | Entered Level 15 of the Dungeon
 30204 | D:15     | Reached skill level 10 in Maces & Flails
 30443 | D:15     | Reached skill level 5 in Ranged Weapons
 31332 | D:15     | Found the +5 glaive of the Guard {elec, spectral, AC+5}
 32033 | D:15     | Found a staircase to the Depths.
 32033 | D:15     | Noticed a stone giant
 32039 | D:15     | Killed a stone giant
 32363 | Orc:1    | Entered Level 1 of the Orcish Mines
 32467 | Orc:1    | Found Xoidigol's Assorted Antiques.
 32711 | Orc:1    | Bought a potion of curing for 78 gold pieces
 32711 | Orc:1    | Bought a scroll of teleportation for 78 gold pieces
 32711 | Orc:1    | Bought a cyan potion for 23 gold pieces
 32828 | Orc:2    | Entered Level 2 of the Orcish Mines
 32828 | Orc:2    | Found a staircase to the Elven Halls.
 32828 | Orc:2    | Found Boonogut's Weapon Shop.
 32828 | Orc:2    | Found Caalump's Antique Weapon Shoppe.
 32829 | Orc:2    | Found Tublunou's Book Shoppe.
 32829 | Orc:2    | Found Ziplecvi's Antique Armour Boutique.
 32846 | Orc:1    | Reached XP level 15. HP: 119/159 MP: 15/15
 33247 | Orc:2    | Bought a glowing cloak for 187 gold pieces
 33651 | Orc:2    | Found Utat's Distillery.
 33654 | Orc:2    | Bought a potion of heal wounds for 70 gold pieces
 33654 | Orc:2    | Bought a potion of heal wounds for 70 gold pieces
 33654 | Orc:2    | Bought 2 potions of heal wounds for 140 gold pieces
 33878 | Orc:1    | Noticed Harold
 33886 | Orc:1    | Killed Harold
 34030 | Orc:2    | Bought a pitted sling for 123 gold pieces
 34030 | Orc:2    | Identified the +11 sling of Coumm {flame, rC+ Dex+3} (You
                  | bought it in a shop on level 2 of the Orcish Mines)
 34292 | Snake:1  | Entered Level 1 of the Snake Pit
 34487 | Snake:1  | Reached skill level 1 in Evocations
 35115 | Snake:1  | Found a hazy altar of Hepliaklqana.
 35292 | Snake:1  | Reached skill level 15 in Fighting
 36031 | Snake:2  | Found Esmacko's Book Shoppe.
 36031 | Snake:2  | Found a frozen archway.
 36081 | Snake:2  | Noticed Kacetewk's ghost (adept MiBe)
 36133 | Snake:2  | Found a runed translucent door.
 36326 | Snake:2  | Noticed a nagaraja
 37584 | Snake:2  | Noticed a nagaraja
 37965 | Snake:2  | Killed a nagaraja
 38156 | Snake:2  | Killed a nagaraja
 38621 | Snake:3  | Found Luxihog's Assorted Antiques.
 38627 | Snake:3  | Bought a scroll of fear for 136 gold pieces
 39042 | Snake:3  | Reached XP level 16. HP: 119/171 MP: 16/16
 41211 | Snake:4  | Entered Level 4 of the Snake Pit
 41743 | Snake:4  | Found Kimmir's Jewellery Shoppe.
 41743 | Snake:4  | Found Iciry's Book Boutique.
 41743 | Snake:4  | Found Mechasel's Book Boutique.
 41800 | Snake:4  | Found a gateway to a bazaar.
 41841 | Bazaar   | Entered a bazaar
 42253 | Bazaar   | Found Nyogag's Armour Emporium.
 42276 | Bazaar   | Found Ceexudub's Weapon Shoppe.
 42301 | Bazaar   | Found Yly Rumibuk's Weapon Shoppe.
 42326 | Bazaar   | Found Veucudwo's Assorted Antiques.
 42332 | Bazaar   | Bought a potion of curing for 81 gold pieces
 42332 | Bazaar   | Bought a potion of haste for 270 gold pieces
 42543 | Snake:4  | Found Ydwaog's General Store.
 42550 | Snake:4  | Bought a wand of iceblast (5) for 168 gold pieces
 42550 | Snake:4  | Bought a scroll of teleportation for 42 gold pieces
 42550 | Snake:4  | Bought a potion of heal wounds for 70 gold pieces
 42572 | Snake:4  | Found Zosuzu Ynge's Armour Shop.
 43142 | Snake:4  | Reached skill level 5 in Evocations
 43642 | Snake:4  | Noticed a quicksilver dragon
 44032 | Snake:4  | Killed a quicksilver dragon
 44186 | Snake:4  | Reached skill level 10 in Stealth
 44577 | Snake:4  | Got a serpentine rune of Zot
 45032 | Orc:2    | Bought a book of Spatial Translocations for 288 gold pieces
 45035 | Orc:2    | Learned a level 2 spell: Blink
 45243 | Shoals:1 | Entered Level 1 of the Shoals
 45713 | Shoals:1 | Reached skill level 1 in Translocations
 46499 | Shoals:1 | Found Bohuzxuo's Firing Range.
 46980 | Shoals:2 | Reached XP level 17. HP: 161/179 MP: 17/17
 48272 | Shoals:2 | HP: 8/179 [merfolk/boomerang (6)]
 48273 | Shoals:2 | Reached skill level 5 in Shields
 49053 | Shoals:2 | Reached skill level 5 in Translocations
 49191 | Shoals:2 | Noticed a kraken
 51088 | Shoals:4 | Entered Level 4 of the Shoals
 51710 | Shoals:4 | Noticed a kraken
 51755 | Shoals:4 | Reached skill level 1 in Spellcasting
 51832 | Shoals:4 | Killed a kraken
 51866 | Shoals:4 | Got a barnacled rune of Zot
 53018 | Shoals:4 | Reached XP level 18. HP: 163/188 MP: 28/30
 53124 | Shoals:4 | Reached ***** piety under Ashenzari
 53173 | Shoals:4 | Reached skill level 5 in Spellcasting
 53250 | Shoals:4 | Identified the +2 pair of boots "Lerom" {Will++ Dex+4}
 53607 | Elf:1    | Entered Level 1 of the Elven Halls
 54568 | Elf:1    | Found Jynu's Magic Scroll Boutique.
 54690 | Elf:1    | Reached skill level 10 in Shields
 55052 | Elf:1    | Identified the Cyclopedia of Blows and the Band
 55902 | Elf:2    | Learned a level 2 spell: Momentum Strike
 55941 | Elf:2    | Reached skill level 1 in Conjurations
 56161 | Elf:2    | Found a runed translucent gate.
 56162 | Elf:2    | Found a runed translucent gate.
 56162 | Elf:2    | Found a runed translucent gate.
 56286 | Elf:2    | Reached skill level 15 in Armour
 56291 | Elf:2    | Found a runed translucent gate.
 56292 | Elf:2    | Found a runed translucent gate.
 56292 | Elf:2    | Found a runed translucent gate.
 56292 | Elf:2    | Noticed Cuucabuana's ghost (veteran MiGl)
 56730 | Elf:2    | Upgraded the game from 0.31-a0-716-gc7603755dd to
                  | 0.31-a0-728-g01b46875f1
 56759 | Elf:3    | Entered Level 3 of the Elven Halls
 56813 | Elf:3    | Noticed an Ice Fiend
 57167 | Elf:3    | Found Biwear's Magic Scroll Emporium.
 57171 | Elf:3    | Bought a scroll of silence for 142 gold pieces
 57203 | Elf:3    | Paralysed by an air elemental for 1 turns
 57788 | Elf:3    | Paralysed by an air elemental for 1 turns
 58158 | Elf:3    | Noticed Norris
 58163 | Elf:3    | Reached XP level 19. HP: 197/197 MP: 34/34
 58163 | Elf:3    | Noticed a Tzitzimitl
 58197 | Elf:3    | Killed Norris
 58636 | Elf:3    | Noticed a Tzitzimitl
 58979 | Elf:3    | Identified the +3 flail of Uskayaw, Hurling {heavy,
                  | *Corrode rElec Int+2 SInv}
 58981 | Elf:3    | Identified the ring "Leckuodd" {rPois rC- Will+ rCorr
                  | Int+6}
 59169 | Elf:3    | Identified the +6 spear "Zulex" {flame, rCorr MP+9 Str+3}
 59311 | Elf:3    | Identified the +1 eveningstar of Rociogary {freeze, rF++
                  | rC+ MP+9 Str-3}
 59752 | Elf:3    | Noticed Donald
 59756 | Elf:3    | Killed Donald
 59761 | Elf:3    | Identified the +7 morningstar of Incongruity {protect,
                  | rPois Int+3}
 60432 | Elf:3    | Identified the staff "Xiduplam" {rPois Str+4 Poison}
 60433 | Elf:3    | Identified the Papyrus of the Butcher
 60434 | Elf:3    | Identified the +1 plate armour of the Wilderness {rC+
                  | Str+5}
 60450 | Elf:3    | Found the +7 Spriggan's Knife {stab, EV+4 Stlth+}
 60453 | Elf:3    | Identified the +10 great mace "Uxtup" {freeze, rF+ Str+3}
 60584 | Elf:3    | Learned a level 2 spell: Lesser Beckoning
 60589 | Elf:3    | Learned a level 4 spell: Passage of Golubria
 60998 | Elf:3    | Upgraded the game from 0.31-a0-728-g01b46875f1 to
                  | 0.31-a0-743-g45f7035092
 61081 | Elf:1    | Paralysed by an air elemental for 1 turns
 61318 | Vaults:1 | Entered Level 1 of the Vaults
 61859 | Vaults:1 | Reached skill level 10 in Translocations
 61914 | Vaults:1 | Reached skill level 1 in Throwing
 61914 | Vaults:1 | Reached skill level 16 in Armour
 62029 | Vaults:1 | Reached skill level 5 in Conjurations
 64834 | Vaults:2 | Identified the +1 pair of gloves of Cebrumn {-Cast rElec
                  | rCorr}
 65221 | Vaults:2 | Found Kaotydd's Jewellery Shoppe.
 65248 | Vaults:2 | Reached skill level 17 in Armour
 65531 | Vaults:2 | Reached skill level 5 in Throwing
 65632 | Vaults:2 | Found Tunifas's Armour Shoppe.
 66026 | Vaults:2 | Reached XP level 20. HP: 202/206 MP: 36/36
 66359 | Vaults:3 | Reached skill level 1 in Dodging
 66515 | Vaults:3 | Found a staircase to the Crypt.
 68692 | Vaults:3 | Found Weocuowe's Jewellery Shoppe.
 68702 | Vaults:3 | Bought the ring "Fuddeu" {rElec Str+6} for 550 gold pieces
 69173 | Vaults:4 | Reached skill level 10 in Evocations
 69627 | Vaults:4 | Found Xiniun's Assorted Antiques.
 69635 | Vaults:4 | Bought a scroll of teleportation for 114 gold pieces
 69716 | Vaults:4 | Reached skill level 5 in Dodging
 71896 | Elf:2    | Killed Cuucabuana's ghost
 72405 | Vaults:5 | Entered Level 5 of the Vaults
 72422 | Vaults:4 | Reached skill level 1 in Short Blades
 72422 | Vaults:4 | Reached XP level 21. HP: 98/215 MP: 34/37
 73712 | Vaults:5 | Gained mutation: You are clumsy. (Dex -2) [a shining eye]
 73785 | Vaults:4 | Reached skill level 15 in Stealth
 74052 | Vaults:5 | Noticed a golden dragon
 74084 | Vaults:5 | Killed a golden dragon
 75005 | Vaults:5 | Identified the +3 war axe "Beetlebane" {elec, +Blink rElec}
 75038 | Vaults:5 | Paralysed by a sphinx for 5 turns
 75056 | Vaults:5 | HP: 9/306 [deep troll earth mage (8)]
 75060 | Vaults:5 | Slain by a cane toad (glowing shapeshifter)

Illustrated notes

Levels and vault maps discovered:
D:1:      saegor_arrival_simple_c, layout_loops_ring,
          chequers_ecumenical_altar_grove, st_stairs_13
D:2:      layout_basic, serial_shops, shop, minmay_hedge_maze
D:3:      layout_loops_cross, fountainhead
D:4:      layout_basic, mainiacjoe_overflow_paths,
          minmay_temple_entry_sparse_star, goddamned_bats
D:5:      layout_basic, amethyst_overflow_temple_binary, serial_rivers,
          chequers_serial_rivers_small_a, chequers_serial_rivers_micro_a,
          chequers_serial_rivers_marsh, chequers_serial_rivers_room_b
D:6:      layout_rooms, dilly_guarded_unrand_devastator
D:7:      layout_basic, nicolae_wooded_promenade
D:8:      layout_cave_pools, lemuel_zombie_altar_yredelemnul,
          lemuel_coloured_pillars_altar, kiku_gazebo_pond_becter,
          serial_column_ruins, column_ruins_square_medium,
          column_ruins_square_large, column_ruins_open_small,
          column_ruins_corridor_straight, column_ruins_grid_1,
          column_ruins_open_large, minmay_tree_intersection
D:9:      layout_loops_ring, nicolae_wu_jian_immortal_techniques,
          hellmonk_lair_entry_icy
D:10:     layout_loops_cross
D:11:     layout_cross, kennysheep_orc_monster_closet_entryway,
          chequers_serial_rivers_large_a, kennysheep_flooded_box, uniq_gastronok
D:12:     layout_layer_cave, nicolae_elyvilon_temple_path
D:13:     layout_roguey, serial_shops, nicolae_square_shop, uniq_nessos
D:14:     layout_roguey, david_vaults_5, grunt_decor_cap
D:15:     grunt_enter_depths_snipers, layout_stronghold
Temple:   bh_familiar_temple
Lair:1:   layout_big_grid
Lair:2:   layout_gridlike, worms_lemuel, lemuel_fruit_tree
Lair:3:   layout_small_grid, minmay_shoals_entry_hut,
          alex1729_snake_entry_snake, uniq_urug, uniq_josephine
Lair:4:   layout_cave_pods
Lair:5:   hangedman_lair_tendril_chambers, layout_cave_pods, slime_entry_1,
          serial_forest, infiniplex_forest_clump_small,
          infiniplex_forest_end_double, infiniplex_forest_clump_large,
          infiniplex_forest_lined_3_way, infiniplex_forest_clump_small,
          infiniplex_forest_lined_room_2, infiniplex_forest_clump_cross
Shoals:1: layout_shoals, nicolae_shoals_circle_sea_wall,
          nicolae_shop_firing_range
Shoals:2: layout_shoals
Shoals:3: layout_shoals, nicolae_shoals_goliath_grotto
Shoals:4: shoals_end_hangedman, layout_shoals
Snake:1:  layout_basic, basic_altar
Snake:2:  layout_onion_interference, hellmonk_ghost_happy_afterlife,
          portal_ice_cave_entry_ice_statue_two, serial_shops, shop,
          nicolae_snake_omega, grunt_megastairs_2
Snake:3:  layout_layer_cave, serial_shops, nicolae_shop_tiny_real_fake_doors
Snake:4:  hellmonk_snake_rune_quicksilver_temple, layout_cave_town,
          serial_shops, bzr_entry_dummy, shop, shop,
          nicolae_snake_slithery_corners, drop_trap, serial_bayou_shore_a,
          minmay_shop_grove
Orc:1:    layout_caves, serial_shops, nicolae_shop_overgrown_old_shop,
          uniq_harold
Orc:2:    st_orc_ogre_mass, layout_caves, serial_shops,
          nicolae_shop_real_fake_doors
Elf:1:    eino_elf_arrival_sip, layout_geoelf_octagon, serial_shops,
          nicolae_shop_tiny_glass, minmay_elf_sorcery
Elf:2:    nicolae_elf_blades_crystal_corner, layout_geoelf_diagonals,
          ebering_ghost_rock_garden
Elf:3:    elf_hall, layout_loops_cross, serial_shops, nicolae_shop_rolled_up,
          uniq_norris, uniq_donald
Vaults:1: nicolae_vaults_quadrants, v_misc_22, nicolae_vaults_little_squares_2,
          nicolae_vaults_closet_pinwheel_5, nicolae_vaults_closet_pinwheel_2,
          ontoclasm_vaults_decontamination, ontoclasm_vaults_chip,
          nicolae_vaults_trapezoid_lopsided_1, nicolae_vaults_double_plus_1,
          nicolae_vaults_mini_display_case, vaults_room_semicircle,
          nicolae_vaults_closet_pinwheel_4, layout_vaults_omnigrid
Vaults:2: vaults_standard_mumra_enter_the_diamond,
          nicolae_vaults_variable_pillar_hall, vaults_mumra_chevron_long,
          nicolae_vaults_shipping_containers_1,
          nicolae_vaults_taking_the_gang_shopping, nicolae_vaults_spaceships,
          hangedman_vaults_maws, nicolae_vaults_triangles,
          vaults_room_semicircle, nicolae_vaults_heist, layout_vaults_ring,
          serial_shops, nicolae_shop_temple_entry_statues_fountains
Vaults:3: blue_anna_dwarven_crypt, vaults_room_grunt_arrival_ludios,
          nicolae_vaults_trapezoid_layered, nicolae_vaults_storage_room_glass,
          nicolae_vaults_trapezoid_3, hangedman_vaults_restitches,
          nicolae_vaults_sightless_eye, nicolae_vaults_puzzle_piece,
          vaults_room_mumra_shop_pool, nicolae_vaults_network_star,
          ontoclasm_vaults_loading_screen, vaults_dpeg_ring,
          layout_vaults_omnicross
Vaults:4: vaults_mumra_minichess_inversion, v_misc_11,
          nicolae_vaults_little_squares_3, nicolae_vaults_storage_closets_2,
          ontoclasm_vaults_eye, nicolae_vaults_heart-shaped_vault,
          hangedman_vaults_unwind, nicolae_vaults_display_case,
          nicolae_vaults_little_squares_4, vaults_room_stairs_pillars,
          layout_vaults_big_room, serial_shops, shop
Vaults:5: serial_shops

Skill      XL: |  1  2  3  4  5  6  7  8  9 10 11 12 13 14 15 16 17 18 19 20 21 |
---------------+----------------------------------------------------------------+-----
Long Blades    | 2 3 4 6 7 9 10 | 10.4
Armour         | 4 5 6 7 8 10 11 13 14 15 17 | 17.9
Fighting       | 3 4 5 6 8 9 10 11 13 14 15 16 | 16.0
Shields        | 4 8 11 | 11.8
Stealth        | 3 6 8 10 12 14 15 | 15.5
Maces & Flails | 2 5 8 10 11 | 11.3
Ranged Weapons | 2 5 8 9 |  9.6
Evocations     | 4 7 8 10 11 | 11.8
Translocations | 3 8 9 10 | 10.0
Spellcasting   | 4 7 |  7.8
Conjurations   | 3 5 |  5.8
Throwing       | 5 |  5.2
Dodging        | 5 6 |  6.7
Short Blades   | 1 4 |  4.2

Action                     |  1- 3 |  4- 6 |  7- 9 | 10-12 | 13-15 | 16-18 | 19-21 || total
---------------------------+-------+-------+-------+-------+-------+-------+-------++-------
  Melee: Long sword        |   108 |   193 |   536 |   707 |     1 |     5 |       ||  1550
         Tailslap          |    12 |    24 |    79 |   145 |   148 |   190 |   405 ||  1003
         Unarmed           |       |       |       |    12 |       |       |       ||    12
         Shillelagh        |       |       |       |   105 |   820 |  1016 |   225 ||  2166
         Morningstar       |       |       |       |       |       |       |  1370 ||  1370
         Rapier            |       |       |       |       |       |       |    12 ||    12
   Fire: Sling             |       |       |       |       |   174 |   655 |   119 ||   948
   Cast: Momentum Strike   |       |       |       |       |       |       |     1 ||     1
         Blink             |       |       |       |       |       |       |     7 ||     7
 Invoke: Curse Item        |       |       |     3 |     4 |     1 |     3 |     2 ||    13
         Shatter the Chain |       |       |       |       |     1 |     1 |     2 ||     4
  Evoke: Wand              |       |       |     6 |     5 |     3 |    27 |    15 ||    56
         Phantom mirror    |       |       |       |     1 |     2 |     1 |       ||     4
         Phial of floods   |       |       |       |       |       |     1 |       ||     1
         Condenser vane    |       |       |       |       |       |     3 |     1 ||     4
    Use: Scroll            |       |     7 |     4 |     7 |     1 |     8 |    10 ||    37
         Potion            |       |     1 |     3 |    11 |     3 |    15 |     5 ||    38
   Stab: Sleeping          |       |       |       |    10 |    11 |     9 |       ||    30
         Distracted        |       |       |       |     1 |     1 |       |     1 ||     3
         Invisible         |       |       |       |       |       |     1 |       ||     1
 Armour: Scale mail        |    79 |   269 |   299 |       |       |       |       ||   647
         Acid dragon scale |       |       |   302 |   990 |   759 |   561 |       ||  2612
         Skin              |       |       |       |     5 |       |       |       ||     5
         Plate armour      |       |       |       |       |       |   721 |  1313 ||  2034
  Dodge: Dodged            |    34 |   123 |   139 |   263 |   145 |   230 |   253 ||  1187
  Block: Buckler           |    29 |    71 |   127 |   190 |   141 |   117 |       ||   675
         Kite shield       |       |       |       |       |       |   548 |  1396 ||  1944
         Reflection        |       |       |       |       |       |    59 |    72 ||   131

Table legend: (Time is in decaauts)
 A = Elapsed time spent in this place.
 B = Non-inter-level travel time spent in this place.
 C = Inter-level travel time spent in this place.
 D = Time resting spent in this place.
 E = Time spent auto-exploring this place.
 F = Levels seen in this place.
 G = Mean time per level.
                   A        B        C        D        E       F      G
               +--------+--------+--------+--------+--------+-----+--------+
         Total |  77005 |  71613 |   5392 |  31444 |  24319 |  40 | 1925.1 |
       Dungeon |  24385 |  22293 |   2092 |   8894 |   9305 |  15 | 1625.7 |
        Temple |     96 |     79 |     17 |      0 |      0 |   1 |   96.0 |
          Lair |  11170 |  10255 |    915 |   4795 |   3055 |   5 | 2234.0 |
        Shoals |   7371 |   7162 |    209 |   3032 |   2304 |   4 | 1842.8 |
     Snake Pit |  10317 |   9760 |    557 |   5033 |   2844 |   4 | 2579.2 |
  Orcish Mines |   2550 |   2133 |    417 |    933 |    797 |   2 | 1275.0 |
   Elven Halls |   7718 |   7113 |    605 |   3438 |   1643 |   3 | 2572.7 |
        Vaults |  12744 |  12169 |    575 |   4919 |   4369 |   5 | 2548.8 |
        Bazaar |    649 |    649 |      0 |    398 |      0 |   1 |  649.0 |
               +--------+--------+--------+--------+--------+-----+--------+

Top non-repeatable levels by time:
Vaults:4: 4268 daAuts
   Elf:3: 4208 daAuts
 Snake:1: 3211 daAuts
Vaults:1: 3012 daAuts
 Snake:4: 2974 daAuts
  Lair:3: 2826 daAuts
 Snake:3: 2730 daAuts
  Lair:5: 2552 daAuts
     D:9: 2482 daAuts
  Lair:1: 2466 daAuts
Vaults:3: 2435 daAuts
Shoals:4: 2280 daAuts
     D:8: 2225 daAuts
    D:15: 2216 daAuts
     D:5: 2192 daAuts
